 Dungeon Crawl Stone Soup version 0.30.0-17-ge0270778cf (webtiles) character file.

Game seed: 5612637245327868206

68 RascalDebosk the Magician (level 4, -1/31 HPs)
             Began as a Djinni Fire Elementalist on May 21, 2023.
             Slain by a gnoll
             ... wielding a +0 spear
              (9 damage)
             ... on level 2 of the Dungeon.
             The game lasted 00:07:53 (1140 turns).

RascalDebosk the Magician (DjFE)                    Turns: 1140, Time: 00:07:53

Health: -1/31      AC:  2    Str:  7    XL:     4   Next: 41%
Gold:   101        EV: 12    Int: 19    God:
                   SH:  0    Dex: 13

rFire   + + .        (no weapon)
rCold   x . .        (no shield)
rNeg    . . .        a - +0 robe
rPois   ∞            (no helmet)
rElec   .            c - scarf {+Inv}
rCorr   .            (no gloves)
SInv    .            (boots unavailable)
Will    .....        (no amulet)
Stlth   ++           (no ring)
HPRegen 0.25/turn    (no ring)
MPRegen 0.00/turn

%: infuse magic (-2 HP)
@: flying
A: sickness immunity, fire resistance 2, cold vulnerability 1, float, innate
caster, HP casting, extra vitality 1
a: Evoke Invisibility


You were on level 2 of the Dungeon.
You visited 1 branch of the dungeon, and saw 2 of its levels.

You collected 101 gold pieces.

Inventory:

Armour
 a - a +0 robe (worn)
 c - a scarf of invisibility (worn)
Scrolls
 d - a scroll of amnesia {unknown}
 i - a scroll of magic mapping {unknown}
Potions
 b - a potion of flight {unknown}
 e - a potion of heal wounds {unknown}
 f - a potion of haste {unknown}
 g - 2 potions of invisibility {unknown}
 h - a potion of lignification {unknown}


   Skills:
 - Level 2.1 Dodging
 - Level 1.5 Stealth
 + Level 3.8 Spellcasting


You knew the following spells:

 Your Spells              Type           Power      Damage    Failure   Level
a - Foxfire               Conj/Fire      72%        2x1d7     2%          1
b - Scorch                Fire           36%        2d6       4%          2
c - Volatile Blastmotes   Fire/Tloc      36%        2d13      9%          3
d - Inner Flame           Hex/Fire       18%        N/A       9%          3
e - Flame Wave            Conj/Fire      18%        2d7       28%         4
f - Kiss of Death         Conj/Necr      72%        2d10      2%          1
Your spell library was empty.

Dungeon Overview and Level Annotations

Branches:
Dungeon (2/15)

Altars:


Innate Abilities, Weirdness & Mutations

You are immune to sickness and miasma.
You are immune to poison.
Your flesh is very heat resistant. (rF++)
You are vulnerable to cold. (rC-)
You float through the air rather than walking.
You learn spells naturally, not from books.
Your magical power is your life essence.
You have superior vitality. (+4 MHP)


Message History

Confirm with . or Enter, or press ? or * to list all spells.
Flames lash the giant cockroach.
You kill the giant cockroach!
The foxfire hits the kobold.
You kill the kobold!
A ball python comes into view.
Your foxfire dissipates!
The ball python bites you but does no damage.
The ball python grabs you. The ball python constricts you.
Casting: Scorch (safe; 4% risk of failure)
Confirm with . or Enter, or press ? or * to list all spells.
Flames lash the ball python.
You kill the ball python!
You see here a giant cockroach corpse.
You reach down and open the door.
A gnoll comes into view. It is wielding a +0 spear.
The gnoll shouts!
The gnoll moves out of view.
A gnoll comes into view. It is wielding a +0 spear.
Casting: Scorch (safe; 4% risk of failure)
Confirm with . or Enter, or press ? or * to list all spells.
You conjure some foxfire!
The gnoll shouts!
You hear a shout!
An adder comes into view.
A gnoll comes into view. It is wielding a +0 club.
You hear a shout!
Casting: Foxfire (safe; 3% risk of failure)
Confirm with . or Enter, or press ? or * to list all spells.
There is not enough space to conjure foxfire!
A hobgoblin comes into view.
Your foxfire dissipates!
Casting: Foxfire (safe; 3% risk of failure)
Confirm with . or Enter, or press ? or * to list all spells.
You conjure some foxfire!
The adder bites you but does no damage.
A gnoll comes into view. It is wielding a +0 halberd.
Casting: Foxfire (safe; 3% risk of failure)
Confirm with . or Enter, or press ? or * to list all spells.
Flames lash the gnoll.
The gnoll is moderately wounded.
The gnoll's fire resistance burns away.
You hear an angry hiss.
You hear a shout! x2
The adder closely misses you.
Casting: Scorch (safe; 4% risk of failure)
Confirm with . or Enter, or press ? or * to list all spells.
Flames lash the adder.
The adder is moderately wounded.
The adder's fire resistance burns away.
The adder bites you. x2
A frilled lizard comes into view.
Casting: Scorch (safe; 4% risk of failure)
Confirm with . or Enter, or press ? or * to list all spells.
There is not enough space to conjure foxfire!
Casting: Foxfire (safe; 3% risk of failure)
Confirm with . or Enter, or press ? or * to list all spells.
Flames lash the gnoll.
The gnoll is moderately wounded.
The gnoll's fire resistance burns away.
The adder bites you but does no damage.
A goblin comes into view. It is wielding a +0 dagger.
Casting: Scorch (safe; 4% risk of failure)
Confirm with . or Enter, or press ? or * to list all spells.
Flames lash the gnoll.
The gnoll is burned terribly!
The gnoll is heavily wounded.
The gnoll is no longer more vulnerable to fire.
The adder barely misses you.
Casting: Scorch (safe; 4% risk of failure)
Confirm with . or Enter, or press ? or * to list all spells.
Flames lash the gnoll.
The gnoll is severely wounded.
The gnoll's fire resistance burns away.
The adder is no longer more vulnerable to fire.
The adder closely misses you.
A goblin comes into view. It is wielding a +0 club.
The gnoll closely misses you. The adder closely misses you.
Casting: Scorch (safe; 4% risk of failure)
Confirm with . or Enter, or press ? or * to list all spells.
Flames lash the gnoll.
The gnoll is moderately wounded.
The gnoll's fire resistance burns away.
The adder bites you but does no damage.
The gnoll hits you from afar with a +0 spear.
* * * LOW HITPOINT WARNING * * *
Your foxfire dissipates!
The adder attacks as you move away! The adder barely misses you.
The gnoll is no longer more vulnerable to fire.
The adder bites you.
* * * LOW HITPOINT WARNING * * *
Casting: Scorch (safe; 4% risk of failure)
Confirm with . or Enter, or press ? or * to list all spells.
Flames lash the gnoll.
The gnoll is burned terribly!
You kill the gnoll!
* * * LOW HITPOINT WARNING * * *
The gnoll is no longer more vulnerable to fire.
The adder barely misses you. The gnoll barely misses you.
Casting: Scorch (safe; 4% risk of failure)
Confirm with . or Enter, or press ? or * to list all spells.
Flames lash the gnoll.
The gnoll is severely wounded.
The gnoll's fire resistance burns away.
* * * LOW HITPOINT WARNING * * *
The adder barely misses you.
The gnoll hits you from afar with a +0 spear!
You die...

.####...####.#### #..
#.............# .##.
######...###### . .
#.#.##.# #. #.#.###.#.#
## #..#####..#
#.........#
#.........###########.#
####.........@Sg)lgg..#
################g#g.#


You could see 2 gnolls, an adder, a hobgoblin, a goblin and a frilled lizard.

Vanquished Creatures
  An adder (D:2)
  A gnoll (D:2)
  3 dart slugs
  5 bats (D:1)
  3 endoplasms (D:1)
  2 giant cockroaches (D:2)
  4 goblins
  A hobgoblin (D:1)
  7 jackals (D:1)
  A quokka (D:1)
  3 ball pythons
  6 frilled lizards
  A kobold (D:2)
  3 rats
41 creatures vanquished.

Vanquished Creatures (collateral kills)
  3 foxfires
3 creatures vanquished.

Vanquished Creatures (others)
  122 foxfires
122 creatures vanquished.

Grand Total: 166 creatures vanquished

Notes
Turn   | Place    | Note
-------+----------+-------------------------------------------
     0 | D:1      | RascalDebosk the Djinni Fire Elementalist began the quest
                  | for the Orb.
     0 | D:1      | RascalDebosk set off with the following spells memorised:
                  | Foxfire, Scorch, Volatile Blastmotes, Inner Flame, Flame
                  | Wave.
     0 | D:1      | Reached XP level 1. HP: 15/15 MP: 0/0
   122 | D:1      | Reached XP level 2. HP: 19/21 MP: 0/0
   241 | D:1      | Reached skill level 3 in Spellcasting
   315 | D:1      | Reached XP level 3. HP: 22/25 MP: 0/0
   315 | D:1      | Learned a level 1 spell: Kiss of Death
   971 | D:2      | Reached XP level 4. HP: 28/31 MP: 0/0
  1140 | D:2      | Slain by a gnoll

Illustrated notes

Levels and vault maps discovered:
D:1:      roderic_crop_circles_arrival_small, layout_basic, minmay_pentomino_v4
D:2:      layout_basic, serial_shops, shop, hex_intersection, minmay_ruptured

Skill      XL: |  1  2 |
---------------+-------+-----
Spellcasting   | 3 |  3.8
Dodging        | |  2.1
Stealth        | |  1.5

Action                     |  1- 3 |  4- 6 || total
---------------------------+-------+-------++-------
   Cast: Foxfire           |    62 |    12 ||    74
         Scorch            |     4 |    10 ||    14
 Armour: Robe              |       |     4 ||     4
  Dodge: Dodged            |     2 |     9 ||    11
